Map: 16-Bit LE

Players

SpeCial - Winner!

  • Race: Terran Terran
  • Spawn Location: 1:00

Semper

  • Race: Terran Terran
  • Spawn Location: 7:00

Event: WCS Austin 2018

VOD

Have the link to the VOD?

Description

Time

  • Played on: June 1, 2018, 10:10 p.m.
  • Length: 22:42

All games in this series

Show
View Real Time Build Order
Export as new Build Order

SpeCial Terran - Winner!

Build Orders: Reaper Expand, Mech 

Get SALT Encoding   

  12  0:00  SCV  
  13  0:12  SCV  
  14  0:18  Supply Depot  
  14  0:25  SCV  
  15  0:39  SCV  
  15  0:41  Barracks  
  16  0:45  Refinery  
  16  0:52  SCV  
  17  1:04  SCV  
  18  1:16  SCV  
  19  1:28  Reaper  
  19  1:29  Orbital Command  
  20  1:45  Command Center  
  20  1:55  SCV  
  20  1:56  Supply Depot  
  20  2:00  Reaper  
  22  2:08  SCV  
  23  2:20  SCV  
  24  2:25  Factory  
  24  2:32  SCV  
  25  2:39  Barracks Tech Lab  
  26  2:44  SCV  
  26  2:54  Command Center  
  26  2:56  SCV  
  27  3:05  Barracks Reactor  
  27  3:08  SCV  
  28  3:23  Orbital Command  
  28  3:24  SCV  
  28  3:27  Refinery  
  29  3:31  Supply Depot, Cyclone  
  30  3:37  SCV  
  31  3:49  SCV  
  31  3:51  SCV  
  32  4:01  SCV  
  33  4:03  Engineering Bay  
  33  4:04  SCV  
  33  4:07  Orbital Command  
  34  4:11  Cyclone  
  34  4:13  SCV  
  38  4:18  Cyclone  
  38  4:19  Refinery, SCV  
  38  4:20  Refinery  
  42  4:25  SCV  
  42  4:31  SCV  
  41  4:34  Missile Turret  
  41  4:36  SCV  
  41  4:37  SCV  
  35  4:43  SCV  
  36  4:48  SCV  
  36  4:49  SCV  
  36  4:50  Cyclone  
  41  4:54  Cyclone  
  41  4:55  SCV  
  41  4:59  Missile Turret  
  45  5:00  SCV  
  45  5:01  SCV  
  47  5:07  SCV  
  47  5:12  SCV  
  47  5:13  SCV  
  50  5:19  SCV  
  51  5:25  SCV x2  
  53  5:31  SCV  
  53  5:36  Factory  
  53  5:37  Starport, SCV  
  53  5:38  SCV  
  55  5:43  SCV  
  55  5:45  Siege Tank  
  55  5:49  SCV  
  60  5:50  SCV, Barracks Reactor  
  60  5:55  SCV  
  62  5:57  Supply Depot  
  62  6:01  SCV  
  62  6:02  SCV  
  64  6:07  SCV  
  64  6:10  Orbital Command  
  64  6:14  SCV  
  65  6:20  SCV  
  65  6:22  Liberator  
  65  6:23  Siege Tank  
  65  6:24  Liberator  
  71  6:26  SCV, Hellion x2  
  71  6:32  SCV  
  75  6:38  SCV x2  
  75  6:39  Supply Depot  
  80  6:44  SCV  
  84  6:48  Supply Depot  
  84  6:50  SCV  
  84  6:52  Missile Turret  
  85  7:00  SCV x2, Hellion x2  
  91  7:07  SCV  
  92  7:09  Siege Tank  
  92  7:12  SCV x2  
  97  7:19  Armory  
  97  7:20  SCV  
  97  7:21  Armory  
  98  7:23  Refinery x2  
  98  7:24  SCV x2  
  100  7:33  Supply Depot  
  100  7:34  Viking x2  
  100  7:35  Hellion  
  108  7:37  Supply Depot, Hellion  
  108  7:38  SCV  
  109  7:47  SCV x2, Factory  
  109  7:55  SCV  
  110  7:59  SCV  
  110  8:00  SCV  
  110  8:02  Siege Tank, Hellion x2  
  110  8:05  Viking x2  
  123  8:07  SCV  
  123  8:12  SCV  
  125  8:16  Supply Depot  
  125  8:17  Supply Depot  
  125  8:18  Terran Vehicle And Ship Armor Level 1, Terran Vehicle Weapons Level 1  
  125  8:20  Supply Depot  
  125  8:25  Sensor Tower  
  125  8:30  Factory Tech Lab  
  125  8:32  Factory  
  125  8:34  Factory  
  125  8:35  Supply Depot  
  125  8:36  Supply Depot  
  125  8:38  SCV x3  
  128  8:42  Supply Depot, Hellion x2  
  128  8:46  Siege Tank  
  135  8:50  SCV, Viking  
  135  8:54  Siege Tank  
  137  8:56  Viking  
  139  9:04  Supply Depot  
  139  9:05  Supply Depot  
  139  9:11  Hellion x2  
  140  9:18  Siege Tank  
  140  9:22  Factory Reactor, Factory Tech Lab  
  143  9:26  Command Center  
  143  9:29  Viking x2  
  143  9:30  Missile Turret  
  147  9:33  Infernal Pre-Igniter  
  147  9:34  Hellion  
  149  9:40  Siege Tank  
  149  9:42  SCV x2  
  152  9:48  Siege Tank, Hellion  
  157  9:55  Siege Tank, Hellion  
  160  10:03  Viking x2  
  160  10:06  Hellion x2  
  168  10:09  Hellion  
  168  10:11  Thor, Supply Depot  
  168  10:12  Rapid Fire Launchers  
  168  10:13  Terran Vehicle Weapons Level 2  
  174  10:23  Siege Tank  
  174  10:26  Hellion  
  174  10:28  Hellion x2  
  183  10:29  Siege Tank  
  183  10:31  Hellion  
  183  10:33  SCV x2  
  184  10:48  Hellion  
  184  10:49  Hellion x2  
  190  10:52  Hellion  
  190  10:55  Siege Tank x2  
  198  10:57  Liberator  
  198  11:09  Hellion  
  198  11:19  Planetary Fortress  
  196  11:37  Starport  
  196  11:38  Starport  
  196  11:48  Viking  
  196  11:50  Refinery  
  198  11:56  Refinery  
  198  11:57  Viking  
  200  12:03  Fusion Core  
  200  12:04  Supply Depot  
  200  12:06  Supply Depot  
  196  12:13  Smart Servos  
  196  12:14  Starport Reactor, Starport Tech Lab, Command Center  
  196  12:16  Missile Turret  
  195  12:27  Viking x2  
  185  12:33  Terran Vehicle And Ship Armor Level 2  
  185  12:34  Terran Ship Weapons Level 1  
  185  12:36  Thor  
  191  12:40  Liberator  
  186  12:55  Thor x2  
  186  12:56  Viking x2, Hellion x3  
  194  12:59  Viking  
  189  13:06  Advanced Ballistics  
  189  13:10  Supply Depot  
  189  13:22  Siege Tank  
  189  13:23  Hellion  
  189  13:25  Viking  
  196  13:27  Refinery  
  196  13:29  Planetary Fortress  
  196  13:34  Liberator x2  
  196  13:36  Hellion  
  196  13:37  Hellion  
  196  13:38  Siege Tank x2  
  196  13:39  Hellion  
  196  13:40  Liberator  
  157  13:42  Refinery  
  157  13:44  Hellion  
  145  13:54  Hellion  
  150  13:58  Hellion  
  150  14:02  Hellion x2  
  159  14:06  Hellion  
  161  14:10  Siege Tank  
  161  14:11  Hellion  
  161  14:16  Siege Tank, Viking  
  171  14:17  Sensor Tower  
  168  14:26  Liberator  
  153  14:40  Siege Tank  
  153  14:42  Siege Tank  
  153  14:43  Viking x2  
  137  14:47  Thor  
  137  14:48  Hellion  
  137  14:52  Terran Ship Weapons Level 2  
  140  14:59  Terran Vehicle And Ship Armor Level 3  
  143  15:01  Liberator x2  
  140  15:07  Hellion x2  
  140  15:08  Hellion  
  140  15:11  Hellion  
  140  15:12  Siege Tank  
  151  15:19  Viking  
  147  15:23  Viking  
  147  15:26  Missile Turret  
  147  15:27  Missile Turret  
  149  15:31  Hellion  
  149  15:32  Hellion  
  157  15:35  Hellion x2  
  157  15:39  Siege Tank  
  157  15:42  Hellion  
  162  15:44  Siege Tank  
  162  15:47  Viking  
  167  15:53  Raven  
  167  15:56  Viking  
  163  16:01  Viking  
  163  16:03  Siege Tank  
  157  16:11  Siege Tank  
  142  16:13  Viking  
  142  16:14  Liberator  
  142  16:16  Siege Tank  
  142  16:17  Viking  
  140  16:22  Hellion x2  
  140  16:23  Hellion  
  146  16:26  Viking  
  146  16:29  Hellion  
  153  16:37  SCV x2  
  153  16:39  Refinery  
  153  16:41  Viking  
  153  16:43  Viking  
  157  16:47  Viking  
  157  16:51  Hellion  
  162  16:54  Siege Tank x2  
  162  16:56  Viking  
  161  17:01  Missile Turret  
  161  17:07  Hellion x2  
  157  17:11  Siege Tank, Viking  
  157  17:12  Hellion  
  157  17:13  Hellion  
  166  17:17  Terran Ship Weapons Level 3  
  166  17:22  Sensor Tower, SCV x2  
  168  17:25  SCV  
  168  17:28  Viking  
  171  17:33  Siege Tank  
  172  17:39  Viking x2  
  172  17:40  Viking  
  178  17:49  Thor  
  184  18:05  Viking x2  
  188  18:09  Viking  
  189  18:14  Siege Tank, Hellion x2  
  189  18:15  Hellion x2  
  189  18:19  Liberator  
  194  18:26  Viking  
  191  18:35  Raven  
  191  18:36  Viking  
  193  18:45  Viking  
  193  18:48  Starport  
  192  18:50  Starport, Hellion x2  
  196  18:55  Viking  
  193  19:05  Hellion x2  
  197  19:10  Viking  
  199  19:30  Starport Reactor  
  199  19:34  Siege Tank  
  199  20:04  Siege Tank  
  200  20:09  Liberator  
  196  20:24  Command Center  
  196  20:27  Siege Tank  
  173  20:44  Hellion x2  
  173  20:45  Cyclone x4  
  157  20:59  Cyclone  
  157  21:00  Hellion x3  
  150  21:05  Cyclone x2  
  156  21:17  Cyclone x4  
  156  21:31  Cyclone  
  159  21:33  Hellion x3  
  159  21:35  SCV x2  
  159  21:36  SCV  
  159  21:37  Cyclone x2  
  159  21:38  Planetary Fortress  
  159  21:39  Command Center  
  166  21:48  Refinery  
  166  21:49  Siege Tank, Cyclone, Hellion  
  166  21:50  Hellion  
  166  21:52  Refinery, Missile Turret  
  175  22:03  Siege Tank  
  175  22:04  Hellion x3  
  178  22:10  Hellion x2  
Show
View Real Time Build Order
Export as new Build Order

Semper Terran 

Build Orders: Gas First Reaper Expand, Reaper Expand, Bio Tank 

Get SALT Encoding   

  12  0:00  SCV  
  13  0:13  SCV  
  14  0:18  Supply Depot  
  14  0:25  SCV  
  15  0:29  Refinery  
  15  0:39  SCV  
  16  0:46  Barracks  
  16  0:51  SCV  
  17  1:03  SCV  
  18  1:16  SCV  
  19  1:32  Orbital Command  
  19  1:33  Reaper  
  20  1:49  Command Center  
  20  1:58  SCV  
  21  2:04  Factory  
  21  2:09  Barracks Reactor  
  21  2:11  SCV  
  21  2:18  Supply Depot  
  21  2:23  SCV  
  21  2:24  Refinery  
  22  2:41  SCV  
  23  2:50  Starport  
  23  2:55  Hellion  
  23  2:56  Hellion  
  23  2:57  Marine  
  28  3:00  SCV  
  29  3:12  SCV  
  29  3:14  Orbital Command  
  27  3:24  SCV  
  27  3:28  Hellion  
  27  3:32  Hellion  
  31  3:36  SCV  
  31  3:39  SCV  
  33  3:41  Barracks Tech Lab  
  33  3:50  SCV  
  33  3:51  SCV  
  35  4:02  SCV  
  36  4:03  Banshee, Cloaking Field  
  36  4:06  SCV  
  36  4:08  Supply Depot  
  40  4:12  Cyclone  
  40  4:14  SCV  
  44  4:22  SCV  
  45  4:29  Cyclone  
  48  4:34  SCV  
  43  4:38  SCV  
  43  4:40  Barracks Tech Lab  
  43  4:45  Command Center  
  44  4:46  SCV  
  44  4:47  Banshee  
  44  4:50  SCV  
  47  4:58  SCV  
  48  5:02  SCV, Marine  
  48  5:03  Stimpack, Supply Depot  
  50  5:10  SCV  
  51  5:14  Factory Tech Lab  
  51  5:15  SCV  
  51  5:20  Marine  
  53  5:22  Barracks  
  53  5:24  Barracks  
  53  5:25  SCV  
  54  5:31  SCV  
  55  5:38  Starport Reactor  
  55  5:40  Engineering Bay, SCV  
  55  5:41  Engineering Bay  
  56  5:43  Refinery, SCV, Marine  
  56  5:44  Refinery  
  56  5:48  Siege Tank  
  61  5:52  SCV  
  61  5:54  Supply Depot  
  61  5:55  Supply Depot  
  62  5:58  Orbital Command  
  62  5:59  SCV  
  63  6:08  SCV  
  63  6:11  Marine  
  65  6:12  Marine  
  65  6:13  Barracks Reactor  
  65  6:16  SCV  
  67  6:19  Marine  
  67  6:20  Terran Infantry Weapons Level 1, Terran Infantry Armor Level 1  
  67  6:21  Orbital Command  
  67  6:24  SCV  
  67  6:27  Siege Tank  
  67  6:29  SCV, Marine  
  71  6:34  Marine  
  71  6:36  SCV, Medivac  
  71  6:38  Marine  
  76  6:41  SCV  
  76  6:45  Medivac  
  76  6:46  Supply Depot, Marine  
  80  6:48  SCV x2  
  80  6:52  Marine  
  80  6:53  SCV  
  84  6:57  Sensor Tower  
  84  6:59  Missile Turret  
  84  7:01  SCV  
  84  7:02  Barracks  
  84  7:03  Barracks  
  84  7:05  Siege Tank  
  84  7:08  Marine  
  88  7:10  SCV x2  
  88  7:13  SCV  
  88  7:15  Combat Shield, Supply Depot  
  92  7:16  Marine  
  92  7:22  SCV, Marine x2  
  95  7:23  SCV  
  95  7:25  Refinery, SCV  
  97  7:30  Refinery  
  97  7:34  SCV  
  97  7:35  SCV  
  97  7:37  Marine x2  
  99  7:38  Missile Turret  
  99  7:40  Siege Tank  
  99  7:42  Marauder  
  99  7:43  SCV  
  107  7:46  Missile Turret, Supply Depot, SCV  
  108  7:53  Marine  
  109  8:02  Supply Depot  
  109  8:03  Supply Depot  
  109  8:07  Marine x3  
  109  8:08  Marauder, SCV x2  
  109  8:12  Marine  
  114  8:13  Barracks Tech Lab  
  114  8:15  Siege Tank  
  117  8:22  Supply Depot  
  117  8:23  Viking x2  
  117  8:24  SCV  
  117  8:25  Armory  
  117  8:26  SCV  
  123  8:29  Marauder, Marine x2  
  123  8:33  Missile Turret  
  127  8:35  Starport  
  127  8:37  Marine  
  127  8:38  Marauder  
  129  8:47  Supply Depot  
  129  8:49  Supply Depot  
  128  8:58  Marauder, Marine x2  
  128  8:59  Siege Tank  
  135  9:03  Command Center  
  135  9:06  Supply Depot x2  
  135  9:12  Marauder, Concussive Shells  
  136  9:20  Viking x2  
  136  9:21  Viking  
  141  9:24  Starport  
  141  9:26  Terran Ship Weapons Level 1  
  141  9:27  Fusion Core  
  140  9:31  Supply Depot  
  140  9:34  Marine  
  140  9:35  Marauder  
  142  9:39  Marine  
  142  9:40  Marauder x2, Siege Tank, Marine  
  151  9:50  Marine  
  151  9:52  Marine  
  153  9:56  Marauder  
  155  10:00  Marine  
  155  10:01  Viking x2  
  155  10:02  Starport Tech Lab  
  155  10:03  Starport Reactor  
  155  10:04  Terran Infantry Armor Level 2, Terran Infantry Weapons Level 2  
  160  10:11  SCV x2  
  160  10:13  Siege Tank  
  165  10:16  Planetary Fortress  
  165  10:20  Missile Turret  
  164  10:22  Advanced Ballistics  
  164  10:25  Viking  
  166  10:34  Marine  
  166  10:35  Marauder x3, Marine  
  173  10:38  Viking  
  173  10:39  Liberator  
  173  10:42  Refinery  
  172  10:43  Refinery  
  172  10:48  Liberator  
  172  10:51  Viking x2  
  179  10:59  Command Center  
  182  11:11  Liberator  
  182  11:17  Supply Depot x2, Command Center  
  181  11:23  Marine  
  181  11:24  Liberator  
  181  11:25  Marauder  
  180  11:36  Marine  
  180  11:38  Marauder  
  183  11:42  Liberator, Viking x2  
  183  11:46  Terran Ship Weapons Level 2  
  101  11:54  Liberator  
  181  12:07  Liberator  
  183  12:16  Orbital Command  
  183  12:18  Refinery  
  183  12:20  Refinery, Missile Turret  
  183  12:22  Marauder, Marine x2  
  186  12:23  Marauder  
  189  12:30  Medivac  
  191  12:39  Viking  
  192  12:54  Marine  
  192  12:55  Marauder  
  171  13:01  Viking  
  171  13:03  Viking  
  171  13:04  SCV x2  
  167  13:07  Marine  
  167  13:08  Marauder, Orbital Command, Marine  
  167  13:10  SCV  
  172  13:16  SCV x2, Viking  
  176  13:21  Viking, Medivac  
  176  13:23  SCV  
  176  13:26  Marine x2  
  176  13:27  Marauder  
  185  13:28  SCV  
  185  13:31  Viking  
  162  13:41  Marine  
  162  13:42  Marine x3  
  162  13:44  Marine x2  
  162  13:47  Marine  
  160  13:51  Siege Tank  
  163  13:59  Marine x3, Viking x3  
  163  14:00  Marauder  
  163  14:01  Marine  
  163  14:02  SCV, Marine  
  177  14:03  SCV x3  
  177  14:04  Liberator  
  177  14:05  Marine  
  181  14:11  Missile Turret  
  181  14:13  Missile Turret  
  181  14:16  Refinery  
  181  14:17  Marine x2  
  181  14:18  Marauder  
  181  14:19  Marine x2  
  181  14:21  Marauder, Refinery  
  181  14:22  Viking  
  181  14:24  Marauder  
  196  14:28  Siege Tank, Liberator  
  183  14:42  Marine  
  183  14:45  Viking x2  
  165  14:47  Marine  
  166  14:54  Marine x2  
  166  14:55  Marauder  
  170  15:04  Marine x2  
  170  15:05  Marauder  
  174  15:07  Liberator  
  174  15:10  Command Center  
  174  15:12  Starport x2  
  174  15:14  Siege Tank  
  176  15:15  SCV x4, Liberator  
  176  15:17  Command Center  
  175  15:24  Viking  
  180  15:32  Viking  
  180  15:33  Viking  
  186  15:45  Marauder x2, Marine x4  
  186  15:46  Marauder, Siege Tank  
  199  15:50  Factory  
  199  16:01  Liberator  
  199  16:03  Marine  
  188  16:05  Viking x2  
  179  16:13  Marine  
  179  16:18  Siege Tank  
  168  16:23  Marine x6  
  173  16:26  Starport Reactor x2  
  173  16:27  Liberator  
  173  16:31  Marine  
  169  16:41  Marine x3  
  169  16:42  Marauder x3  
  169  16:44  Viking x2  
  185  16:49  Marine  
  185  16:50  Siege Tank  
  189  16:54  Planetary Fortress  
  189  16:58  Missile Turret, Marine  
  189  16:59  Marine x2  
  192  17:02  Marine x2  
  192  17:03  Marauder  
  192  17:07  Refinery, Marine  
  192  17:08  Refinery  
  197  17:10  Raven  
  197  17:14  Factory Tech Lab  
  199  17:16  Marine  
  200  17:24  Terran Ship Weapons Level 3  
  200  17:25  Terran Infantry Armor Level 3, Terran Infantry Weapons Level 3  
  200  17:28  Armory  
  200  17:29  Planetary Fortress  
  200  17:36  Refinery  
  200  17:37  Refinery  
  199  17:41  Marauder  
  200  17:52  Marine  
  199  18:02  Viking  
  189  18:13  Raven  
  189  18:14  Viking x4  
  189  18:17  Terran Vehicle And Ship Armor Level 1  
  199  18:22  Marine  
  197  18:38  Viking  
  197  18:40  Viking  
  197  18:51  Viking  
  181  19:06  Siege Tank, Marine  
  181  19:07  Marauder, Marine x5  
  178  19:11  Raven  
  178  19:12  Viking x7  
  192  19:21  Viking  
  185  19:24  Marine  
  185  19:25  Orbital Command  
  185  19:26  Marine  
  185  19:27  Marauder, Marine  
  185  19:30  Liberator  
  168  19:42  Siege Tank, Viking x4  
  168  19:43  Siege Tank, Marine x4  
  168  19:44  Marine x2  
  178  19:48  Marine  
  178  19:52  Viking x3  
  181  19:54  Viking  
  181  19:55  Liberator  
  179  20:01  Marine  
  179  20:03  Liberator  
  179  20:06  Marine x4  
  183  20:07  Marauder  
  183  20:09  SCV  
  183  20:11  Orbital Command  
  184  20:17  Liberator  
  184  20:18  Liberator  
  184  20:19  Marine  
  188  20:24  Raven  
  188  20:25  Marauder  
  179  20:35  Viking  
  179  20:45  Marine  
  179  20:46  Liberator  
  179  20:49  Marine  
  170  20:50  Marine  
  145  21:01  Marine  
  145  21:02  Marauder  
  145  21:03  Viking  
  129  21:06  Marine  
  129  21:07  Raven  
  132  21:15  Marine  
  132  21:16  Marauder, Medivac x2  
  139  21:20  Marine  
  140  21:26  Marine x2  
  140  21:27  Marauder  
  140  21:28  Marine  
  140  21:29  Orbital Command  
  140  21:30  Orbital Command  
  140  21:31  SCV  
  145  21:33  SCV  
  144  21:41  SCV  
  144  21:46  Marine x2  
  149  21:47  Marauder, SCV  
  149  21:48  SCV  
  149  21:50  Raven  
  152  21:54  SCV  
  153  22:01  SCV x2  
  153  22:02  SCV x3  
  155  22:10  Medivac  
  155  22:11  Viking x2  
  155  22:13  Marine  
  155  22:14  Marauder  
  155  22:17  Marine  
  155  22:20  Marine  
  155  22:21  Marauder, Marine  
Tags
 
Add a new tag
Caveats
  • Supply blocks, unpowered buildings, or Contaminate may cause inaccurate times.
  • Supply counts are checked every 10 seconds.